 Dungeon Crawl Stone Soup version 0.28.0-53-g5a82cb258f (webtiles) character file.

Game seed: 9443209834258033611

4398 Infinimo the Basher (level 10, -1/110 HPs)
             Began as an Ogre Gladiator on June 3, 2022.
             Was a Priest of Okawaru.
             Slain by a two-headed ogre
             ... wielding a +0 giant club
              (20 damage)
             ... on level 8 of the Dungeon.
             The game lasted 00:16:57 (13281 turns).

Infinimo the Basher (Ogre Gladiator)               Turns: 13281, Time: 00:16:57

Health: -1/110     AC:  4    Str: 24    XL:     10   Next: 35%
Magic:  10/10      EV: 12    Int:  9    God:    Okawaru [***...]
Gold:   482        SH:  0    Dex: 10    Spells: 9/9 levels left

rFire   . . .      SeeInvis .   d - +0 dire flail (vorpal)
rCold   . . .      Faith    .   (shield currently unavailable)
rNeg    . . .      Spirit   .   b - +0 robe
rPois   .          Reflect  .   c - +0 hat
rElec   .          Harm     .   j - +0 cloak
rCorr   .          Rampage  .   (gloves unavailable)
Will    +....                   (boots unavailable)
Stlth   +.........              (no amulet)
HPRegen 0.28/turn               (no ring)
MPRegen 0.12/turn               (no ring)

@: no status effects
A: large, unfitting armour, tough skin 1
a: Renounce Religion, Heroism


You were on level 8 of the Dungeon.
You worshipped Okawaru.
Okawaru was most pleased with you.
You visited 2 branches of the dungeon, and saw 10 of its levels.

You collected 542 gold pieces.
You spent 60 gold pieces at shops.

Inventory:

Hand Weapons
 d - a +0 vorpal dire flail (weapon)
 s - a +0 giant spiked club
Missiles
 i - 20 poisoned darts (quivered)
Armour
 b - a +0 robe (worn)
 c - a +0 hat (worn)
 j - a +0 cloak (worn)
Jewellery
 h - a ring of positive energy
 p - an amulet of the acrobat
Wands
 l - a wand of paralysis (10)
 v - a wand of iceblast (4)
Scrolls
 a - a scroll of identify
 g - a scroll of holy word
 m - a scroll of noise
 t - a scroll of fog
 w - a scroll of teleportation
Potions
 e - a potion of ambrosia
 f - 3 potions of lignification
 k - 8 potions of mutation
 n - a potion of flight {unknown}
 o - a potion of haste {unknown}
 q - 2 potions of might
 r - 3 potions of heal wounds
 u - 3 potions of brilliance


   Skills:
 + Level 10.0 Fighting
 * Level 10.1 Maces & Flails
 - Level 2.0 Throwing
 + Level 7.3 Dodging


You had 9 spell levels left.
You didn't know any spells.
Your spell library contained the following spells:

 Spells                   Type           Power      Damage    Failure   Level
 Apportation              Tloc           0%         N/A       38%         1
 Ignite Poison            Fire/Tmut/Pois 0%         N/A       77%         3
 Mephitic Cloud           Conj/Pois/Air  0%         N/A       77%         3
 Petrify                  Tmut/Erth      0%         N/A       99%         4
 Alistair's Intoxication  Tmut/Pois      0%         N/A       100%        5
 Freezing Cloud           Conj/Ice/Air   0%         6-21      100%        5
 Metabolic Englaciation   Hex/Ice        0%         N/A       100%        5
 Statue Form              Tmut/Erth      0%         N/A       100%        6


Dungeon Overview and Level Annotations

Branches:
Dungeon (9/15)             Temple (1/1) D:5
   Lair: D:8-11         Orc: D:9-12

Altars:
Ashenzari
Cheibriados
Dithmenos
Elyvilon
Fedhas
Gozag
Hepliaklqana
Kikubaaqudgha
Makhleb
Nemelex Xobeh
Okawaru
Qazlal
Ru
Sif Muna
Trog
Uskayaw
Vehumet
Wu Jian
Xom
Yredelemnul
Zin
The Shining One

Shops:
D:2 (![([   D:9 (

Annotations:
D:7 2 transporters, 1 runed translucent door, Crazy Yiuf; Infinimo's ghost, novice MiFi


Innate Abilities, Weirdness & Mutations

You are too large for most types of armour.
You have tough skin. (AC +1)


Message History

Throw: 21 darts (poison)
Press: ? - help, Q - select action, (/) - cycle Shift-Dir - straight line, f/p - two-headed ogre
Aim: a two-headed ogre, wielding two +0 giant clubs (lightly wounded, poisoned, 77% to hit)
You throw a poisoned dart.
The poisoned dart barely misses the two-headed ogre.
There is an open door here.
The two-headed ogre looks more healthy.
You hit the two-headed ogre but do no damage.
The two-headed ogre is lightly wounded.
The two-headed ogre misses you. The two-headed ogre barely misses you.
You barely miss the two-headed ogre.
The two-headed ogre is lightly wounded.
You thump the two-headed ogre!
The two-headed ogre is moderately wounded.
The two-headed ogre closely misses you.
The two-headed ogre hits you with a +0 giant club!!
There is a stone staircase leading up here.
You climb upwards.
There is a stone staircase leading down here.
There is an open door here.
You see here a +0 hand axe.
There is a stone staircase leading down here.
You climb downwards.
The two-headed ogre hits you with a +0 giant club!!
The two-headed ogre hits you with a +0 giant club!
There is a stone staircase leading up, spattered with blood here.
You climb upwards.
There is a stone staircase leading down here.
The two-headed ogre hits you with a +0 giant club!
The two-headed ogre closely misses you.
You see here a +0 hand axe.
There is a stone staircase leading up here.
You see here a +0 hand axe.
The two-headed ogre closely misses you.
The two-headed ogre hits you with a +0 giant club!
There is an open door here.
The two-headed ogre hits you with a +0 giant club!!
* * * LOW HITPOINT WARNING * * *
The two-headed ogre hits you with a +0 giant club!!
You die...

.........# #.......[.##
.........# #.........# .........#
#.........# .........#
#.........# ##.......#
#.........#
##..##..##########...###.########
##..##..##..##.#..######.........
........#.......#O....[#.........
........#.......@..>...#(..#.....
...[....#.......#..<...#...#.....
###[###.####..###...########.##..
###.###.####..##############.####
..)..#...............#..#.....#
.....#...............#..#.....#
.....#...............#..#.....#
.....#...............#..#.....#
.....#...............#..#..(..#


You could see a two-headed ogre.

Vanquished Creatures
  Pikel (D:7)
  A wraith (D:8)
  Edmund (D:4)
  An acid dragon (D:9)
  2 water moccasins
  A hornet zombie (D:7)
  2 black bears
  2 orc warriors (D:7)
  2 ice beasts
  2 ogres (D:5)
  5 centaurs
  4 necrophages
  A phantom (D:5)
  A lemure (D:7)
  A kobold brigand (D:8)
  2 bullfrogs
  A wyvern zombie (D:8)
  4 wights (D:7)
  A howler monkey (D:5)
  A centaur zombie (D:7)
  A bullfrog zombie (D:5)
  A hound (D:5)
  7 orc priests
  A centaur skeleton (D:3)
  2 gnoll shamans
  2 bullfrog skeletons
  6 iguanas
  A scorpion zombie (D:5)
  8 orc wizards
  3 killer bee zombies
  Robin (D:3)
  2 howler monkey zombies
  12 gnolls
  4 adders
  2 shadow imps (D:7)
  3 white imps
  An ufetubus (D:5)
  2 adder skeletons
  2 dart slugs (D:1)
  47 orcs
  5 ball pythons
  8 bats
  6 endoplasms
  4 giant cockroaches
  13 goblins
  5 hobgoblins
  3 jackals (D:2)
  6 quokkas
  A frilled lizard (D:1)
  13 kobolds
  4 rats
212 creatures vanquished.

Vanquished Creatures (others)
  6 plants (D:9)
6 creatures vanquished.

Grand Total: 218 creatures vanquished

Notes
Turn   | Place    | Note
-------+----------+-------------------------------------------
     0 | D:1      | Infinimo the Ogre Gladiator began the quest for the Orb.
     0 | D:1      | Reached XP level 1. HP: 22/22 MP: 1/1
   203 | D:1      | Reached XP level 2. HP: 29/29 MP: 2/2
   418 | D:2      | Found Boor's Antique Armour Boutique.
   789 | D:1      | Reached XP level 3. HP: 18/37 MP: 3/3
  1277 | D:2      | Found Nouvod's Distillery.
  1277 | D:2      | Found Isuweviaq's Weapon Shop.
  1303 | D:2      | Bought a potion of heal wounds for 60 gold pieces
  1625 | D:2      | Found Reamp's Antique Weapon Shop.
  1707 | D:2      | Found Tehidiem's Antique Armour Shoppe.
  1772 | D:2      | Reached XP level 4. HP: 44/45 MP: 4/4
  2345 | D:3      | Reached XP level 5. HP: 39/54 MP: 5/5
  2498 | D:3      | Noticed Robin
  3120 | D:3      | Found a burning altar of Makhleb.
  3333 | D:3      | Killed Robin
  3476 | D:4      | Noticed a black bear
  4206 | D:3      | Reached XP level 6. HP: 33/63 MP: 6/6
  4627 | D:4      | Noticed a necrophage
  4653 | D:4      | Killed a necrophage
  4654 | D:4      | Reached skill level 5 in Maces & Flails
  4705 | D:4      | Killed a black bear
  4706 | D:4      | Reached skill level 5 in Fighting
  4706 | D:4      | Reached XP level 7. HP: 72/72 MP: 7/7
  4736 | D:4      | Noticed Edmund
  4769 | D:4      | Killed Edmund
  5256 | D:5      | Entered Level 5 of the Dungeon
  5271 | D:5      | Found a staircase to the Ecumenical Temple.
  5291 | Temple   | Entered the Ecumenical Temple
  5541 | Temple   | Became a worshipper of Warmaster Okawaru
  5834 | D:5      | Reached XP level 8. HP: 60/84 MP: 8/8
  6232 | D:5      | Reached skill level 5 in Dodging
  7018 | D:5      | Reached * piety under Okawaru
  8000 | D:6      | Reached XP level 9. HP: 49/94 MP: 9/9
  9311 | D:7      | Reached ** piety under Okawaru
  9710 | D:7      | Noticed Infinimo's ghost (novice MiFi)
  9727 | D:7      | Found a transporter.
 10017 | D:7      | Found a transporter.
 10772 | D:7      | Found a runed translucent door.
 10773 | D:7      | Noticed Crazy Yiuf
 10819 | D:7      | Noticed Pikel
 10836 | D:7      | Killed Pikel
 10837 | D:7      | Reached XP level 10. HP: 73/107 MP: 10/10
 11990 | D:8      | Reached *** piety under Okawaru
 12075 | D:8      | You fall into a shaft and drop 1 floor!
 12096 | D:9      | Found Feiguokhyn's Antique Weapon Shop.
 12601 | D:8      | Reached skill level 10 in Maces & Flails
 12974 | D:9      | Reached skill level 10 in Fighting
 12984 | D:9      | Noticed a green ugly thing
 13183 | D:9      | Noticed a two-headed ogre
 13281 | D:8      | Slain by a two-headed ogre

Illustrated notes

Levels and vault maps discovered:
D:1:      kilobyte_arrival_exit_the_forest, layout_rooms
D:2:      layout_rooms, serial_shops, nicolae_square_shop, shop_statue,
          nicolae_shop_crystal, nicolae_shop_stone, nicolae_shop_waterfront
D:3:      layout_basic, mainiacjoe_overflow_tiny_flanked, uniq_robin
D:4:      layout_cave_pools, uniq_edmund
D:5:      layout_basic, minmay_temple_entry_sparse_star,
          minmay_misc_feat_more_columns
D:6:      layout_rooms
D:7:      layout_loops_ring, nzn_ghost_randoct, eino_curves_02,
          uniq_crazy_yiuf_cottage, uniq_pikel
D:8:      layout_gridville
D:9:      nzn_winding_woodlands_three_and_one
          [nzn_winding_woodlands_5x15_split_checker,
          nzn_winding_woodlands_5x15_lazy_stream,
          nzn_winding_woodlands_5x15_sidewinder,
          nzn_winding_woodlands_center_triple_pond], layout_basic, serial_shops,
          shop, hangedman_incinerator, uniq_joseph
Temple:   mainiacjoe_temple_hex_bubbles

Skill      XL: |  1  2  3  4  5  6  7  8  9 10 |
---------------+-------------------------------+-----
Maces & Flails | 3 4 5 6 7 9 10 | 10.1
Fighting       | 3 4 5 6 7 9 10 | 10.0
Dodging        | 3 4 5 6 7 |  7.3
Throwing       | |  2.0

Action                   |  1- 3 |  4- 6 |  7- 9 | 10-12 || total
-------------------------+-------+-------+-------+-------++-------
Melee: Flail             |   101 |   184 |     1 |       ||   286
       Punch             |     2 |     6 |       |       ||     8
       Dire flail        |       |       |   323 |   131 ||   454
Throw: Dart              |       |    12 |    16 |     2 ||    30
       Throwing net      |       |     7 |       |       ||     7
  Use: Scroll            |       |     5 |     7 |     1 ||    13
       Potion            |       |     2 |       |       ||     2
 Stab: Sleeping          |     1 |       |       |       ||     1
       Held in net/web   |       |     2 |       |       ||     2
Armor: Robe              |    49 |    65 |    62 |    26 ||   202
Dodge: Dodged            |    74 |   108 |   138 |    70 ||   390
